 Dungeon Crawl Stone Soup version 0.28-a0-664-gc179e30c89 (webtiles) character file.

Game seed: 9354401007224661632

56 spiderkeys the Skirmisher (level 3, -2/24 HPs)
             Began as a Gargoyle Abyssal Knight on Oct 17, 2021.
             Was a Believer of Lugonu.
             Slain by Sigmund (7 damage)
             ... on level 2 of the Dungeon.
             The game lasted 00:02:50 (1616 turns).

spiderkeys the Skirmisher (Gargoyle Abyssal Knight) Turns: 1616, Time: 00:02:51

Health: -2/24      AC:  6    Str: 17    XL:     3   Next: 95%
Magic:  4/4        EV: 11    Int: 10    God:    Lugonu [**....]
Gold:   38         SH:  0    Dex: 10    Spells: 0/2 levels left

rFire   . . .      SeeInvis .   a - +1 mace
rCold   . . .      Faith    +   (no shield)
rNeg    + . .      Spirit   .   b - +0 leather armour
rPois   ∞          Reflect  .   (no helmet)
rElec   +          Harm     .   (no cloak)
rCorr   .          Rampage  .   (no gloves)
Will    .....                   (no boots)
Stlth   ..........              T - amulet of faith {!P}
HPRegen 0.08/turn               (no ring)
MPRegen 0.09/turn               (no ring)

@: silenced
A: sickness immunity, AC +3, negative energy resistance 1, electricity
resistance, torment resistance 1, petrification resistance
a: Renounce Religion


You were on level 2 of the Dungeon.
You worshipped Lugonu.
Lugonu was pleased with you.
You visited 1 branch of the dungeon, and saw 2 of its levels.
You visited the Abyss 1 time.

You collected 38 gold pieces.


Innate Abilities, Weirdness & Mutations

You are immune to sickness and miasma.
Your stone body is resilient. (AC +3)
You are immune to poison.
You resist negative energy. (rN+)
You are resistant to electric shocks. (rElec)
You are resistant to unholy torment.
You are immune to petrification.


   Skills:
 + Level 3.7 Fighting
 + Level 2.5 Maces & Flails
 + Level 2.8 Armour
 - Level 1.2 Dodging
 + Level 0.6 Poison Magic
 + Level 2.6 Invocations


You couldn't memorise any spells.
You knew the following spells:

 Your Spells              Type           Power      Damage    Failure   Level
p - Poisonous Vapours     Pois/Air       0%         N/A       52%         2

Your spell library contained the following spells:

 Spells                   Type           Power      Damage    Failure   Level
 Animate Skeleton         Necr           0%         N/A       41%         1
 Apportation              Tloc           0%         N/A       41%         1
 Summon Small Mammal      Summ           0%         N/A       41%         1
 Corpse Rot               Necr/Air       N/A        N/A       56%         2

Inventory:

Hand Weapons
 a - a +1 mace (weapon)
Missiles
 c - 20 arrows
 d - 20 sling bullets
 g - 35 stones
Armour
 b - a +0 leather armour (worn)
Jewellery
 T - an amulet of faith (around neck) {!P}
   (You found it on level 1 of the Abyss)
Scrolls
 e - a scroll of identify {@r1}
 j - 3 scrolls of magic mapping {!r}
 n - 2 scrolls of teleportation {@r4}
Potions
 k - a potion of lignification {unknown}
 l - a potion of heal wounds {unknown}
 m - a potion of brilliance {unknown}

Dungeon Overview and Level Annotations

Branches:
Dungeon (2/15)

Altars:

Annotations:
D:2 Sigmund

### #.. #.. #..
##############..
#####..
.......>@@(.(...
.......
....###.######## ####..
....###.####.. #..
..........##.. #..
....###.#.##.# #.. ..
#.....#.# ### #..#....#
####
#..##...#########...
####...................


You could see Sigmund.


Message History

😕 HP[-1]
You take 1 damage, and now have 19/24 hp.
You hit the ball python.
The ball python bites you but does no damage.
The ball python constricts you.
You sock the ball python!
You kill the ball python!
Lugonu accepts your kill.
An adder comes into view. 😕 HP[+1]
An adder is nearby!
The adder hisses angrily.
Unknown command.
You hit the adder but do no damage. The adder bites you but does no damage.
The adder barely misses you.
You hit the adder. The adder bites you.
The adder bites you but does no damage. 😮 HP[-2]
You take 2 damage, and now have 18/24 hp.
You are too injured to fight recklessly!
You are too injured to fight recklessly!
You are too injured to fight recklessly!
You are too injured to fight recklessly!
You closely miss the adder. The adder bites you. 😮 HP[-2]
You take 2 damage, and now have 16/24 hp.
You hit the adder. The adder bites you. x2 😮 HP[-2]
You take 2 damage, and now have 14/24 hp.
You hit the adder.
You kill the adder!
Lugonu accepts your kill.
You see here an adder corpse.
Key pressed, stopping explore.
Key pressed, stopping explore.
Found a stone staircase leading down. 😎 HP[+10]
Your hp is fully restored (24).
Sigmund the Dreaded comes into view.
He is wielding a +1 vampiric scythe.
Sigmund shouts!
You aren't carrying any items that you can evoke.
Unknown command.
Throw: 4 javelins
Press: ? - help, Shift-Dir - straight line, f - Sigmund
Aim: Sigmund, wielding a +1 vampiric scythe and wearing a +0 robe (52% to hit)
You throw a javelin. The javelin completely misses Sigmund.
Throw: 3 javelins
Press: ? - help, Shift-Dir - straight line, f/p - Sigmund
Aim: Sigmund, wielding a +1 vampiric scythe and wearing a +0 robe (52% to hit)
You throw a javelin. The javelin barely misses Sigmund.
Sigmund says, "Don't worry, I'll kill you fast."
Throw: 2 javelins
Press: ? - help, Shift-Dir - straight line, f/p - Sigmund
Aim: Sigmund, wielding a +1 vampiric scythe and wearing a +0 robe (52% to hit)
You throw a javelin. The javelin pierces through Sigmund.
Sigmund hits you from afar with a +1 vampiric scythe. 😕 HP[-5]
You take 5 damage, and now have 19/24 hp.
MASSIVE DAMAGE!! (PAUSE) Throw: javelin
Press: ? - help, Shift-Dir - straight line, f/p - Sigmund
Aim: Sigmund, wielding a +1 vampiric scythe and wearing a +0 robe (lightly wounded, 52% to hit)
You throw a javelin.
The javelin pierces through Sigmund but does no damage.
Sigmund hits you but does no damage.
As you read the scroll labelled ZYR ERORASH, it crumbles to dust.
It is a scroll of identify.
n - 2 scrolls of teleportation Sigmund barely misses you.
As you read the scroll labelled CEOGIN HIXUMI, it crumbles to dust.
A profound silence engulfs you.
It was a scroll of silence.
Sigmund barely misses you.
You hit Sigmund. Sigmund hits you but does no damage.
You hit Sigmund.
Sigmund hits you with a +1 vampiric scythe!
Ouch! That really hurt!
* * * LOW HITPOINT WARNING * * *
😨 HP[-12]
You take 12 damage, and now have 7/24 hp.
MASSIVE DAMAGE!! (PAUSE)
You closely miss Sigmund. Sigmund closely misses you.
You sock Sigmund! Sigmund misses you.
You hit Sigmund but do no damage.
Sigmund hits you with a +1 vampiric scythe.
* * * LOW HITPOINT WARNING * * *
😱 HP[-4]
You take 4 damage, and now have 3/24 hp.
Unknown command.
It was a potion of curing.
You feel better. 😨 HP[+8]
You regained 8 hp, and now have 11/24 hp.
You sock Sigmund!
Sigmund hits you with a +1 vampiric scythe!
* * * LOW HITPOINT WARNING * * *
😱 HP[-6]
You take 6 damage, and now have 5/24 hp.
MASSIVE DAMAGE!! (PAUSE)
Okay, then.
You hit Sigmund.
Sigmund hits you with a +1 vampiric scythe!
You die...

Skill      XL: |  1 |
---------------+----+-----
Dodging        | 1 |  1.2
Fighting       | |  3.7
Maces & Flails | |  2.5
Armour         | |  2.8
Poison Magic   | |  0.6
Invocations    | |  2.6

Action                   || total
-------------------------++-------
Melee: Mace              ||   101
Throw: Javelin           ||     6
  Use: Scroll            ||     3
       Potion            ||     1
Armor: Leather armour    ||    56
Dodge: Dodged            ||    76

Levels and vault maps discovered:
D:1:      minmay_arrival_open_corners, layout_basic,
          hellmonk_ecumenical_altar_arch_garden, chequers_serial_rivers_room_a
D:2:      layout_basic, uniq_sigmund

Notes
Turn   | Place    | Note
-------+----------+-------------------------------------------
     0 | Abyss:1  | spiderkeys the Gargoyle Abyssal Knight began the quest for
                  | the Orb.
     0 | Abyss:1  | Reached XP level 1. HP: 14/14 MP: 2/2
     0 | Abyss:1  | magus.rc [v1.9.10]
   148 | D:1      | You pass through the gate.
   148 | D:1      | Escaped the Abyss
   210 | D:1      | Reached skill level 1 in Dodging
   210 | D:1      | Reached XP level 2. HP: 7/19 MP: 3/3
   212 | D:1      | HP: 2/19 [kobold (3)]
   363 | D:1      | HP: 2/19 [rat (3)]
   702 | D:1      | Reached ** piety under Lugonu
   753 | D:1      | Found a faded altar of an unknown god.
   796 | D:1      | Reached XP level 3. HP: 21/23 MP: 4/4
   903 | D:1      | You pick up a book of Vapours and begin reading...
   903 | D:1      | You add the spells Poisonous Vapours and Corpse Rot to your
                  | library.
   907 | D:1      | Learned a level 2 spell: Poisonous Vapours
  1408 | D:2      | You pick up a book of Cantrips and begin reading...
  1408 | D:2      | You add the spells Animate Skeleton, Summon Small Mammal
                  | and Apportation to your library.
  1601 | D:2      | Noticed Sigmund
  1613 | D:2      | HP: 3/24 [Sigmund (4)]
  1616 | D:2      | Slain by Sigmund

Vanquished Creatures
  An adder (D:2)
  A worm (D:2)
  5 bats (D:1)
  4 endoplasms
  2 giant cockroaches (D:2)
  4 goblins
  6 hobgoblins
  6 kobolds
  2 quokkas
  3 ball pythons
  4 frilled lizards
  2 rats (D:1)
40 creatures vanquished.

Table legend:
 A = Non-vault XP
 B = Vault XP
 C = Vault XP percentage of total XP
 D = Non-vault monster count
 E = Vault monster count
 F = Vault count percentage of total count
                 A         B        C        D         E       F
            +---------+---------+-------+---------+---------+-------
      Total |      80 |       0 |   0.0 |      40 |       0 |   0.0
            +---------+---------+-------+---------+---------+-------
        D:1 |      45 |       0 |   0.0 |      29 |       0 |   0.0
        D:2 |      35 |       0 |   0.0 |      11 |       0 |   0.0
            +---------+---------+-------+---------+---------+-------

Illustrated notes

Table legend:
 A = Kills in this place as a percentage of kills in entire the game.
 B = Kills by you in this place as a percentage of kills by you in the entire game.
 C = Kills by friends in this place as a percentage of kills by friends in the entire game.
 D = Other kills in this place as a percentage of other kills in the entire game.
 E = Experience gained in this place as a percentage of experience gained in the entire game.
 F = Experience gained in this place divided by the number of levels of this place that you have seen.
                   A       B       C       D       E      F
               +-------+-------+-------+-------+-------+----------------------
         Total | 100.0 | 100.0 |   N/A |   N/A | 100.0 |  26.7
       Dungeon | 100.0 | 100.0 |   N/A |   N/A | 100.0 |  40.0
               +-------+-------+-------+-------+-------+----------------------

Table legend: (Time is in decaauts)
 A = Elapsed time spent in this place.
 B = Non-inter-level travel time spent in this place.
 C = Inter-level travel time spent in this place.
 D = Time resting spent in this place.
 E = Time spent auto-exploring this place.
 F = Levels seen in this place.
 G = Mean time per level.
                   A        B        C        D        E       F      G
               +--------+--------+--------+--------+--------+-----+--------+
         Total |   1647 |   1611 |     36 |    391 |    934 |   3 |  549.0 |
       Dungeon |   1499 |   1463 |     36 |    391 |    793 |   2 |  749.5 |
         Abyss |    148 |    148 |      0 |      0 |    141 |   1 |  148.0 |
               +--------+--------+--------+--------+--------+-----+--------+

Top non-repeatable levels by time:
     D:1: 957 daAuts
     D:2: 541 daAuts
 Abyss:1: 148 daAuts
